 Dungeon Crawl Stone Soup version 0.30-a0-140-gd1020e658a (webtiles) character file.

Game seed: 5882606675326345813

109 valliere the Insei (level 4, -2/29 HPs)
             Began as an Octopode Transmuter on Sept 24, 2022.
             Killed from afar by an orc wizard (11 damage)
             ... with a magic dart
             ... on level 3 of the Dungeon.
             The game lasted 00:03:36 (2331 turns).

valliere the Insei (Octopode Transmuter)            Turns: 2331, Time: 00:03:36

Health: -2/29      AC:  1    Str: 11    XL:     4   Next: 90%
Magic:  7/7        EV: 13    Int: 15    God:
Gold:   102        SH:  0    Dex: 12    Spells: 6/7 levels left

rFire   . . .      SeeInvis .      - Unarmed
rCold   . . .      Faith    .    (no shield)
rNeg    . . .      Spirit   .    (helmet restricted)
rPois   .          Reflect  .    (no amulet)
rElec   .          Harm     .    (no ring)
rCorr   .          Rampage  .    (no ring)
Will    .....                    (no ring)
Stlth   +++.......               (no ring)
HPRegen 0.09/turn                (no ring)
MPRegen 0.10/turn                (no ring)
                                 (no ring)
                                 (no ring)

@: no status effects
A: almost no armour, amphibious, 8 rings, camouflage 1, gelatinous body 1,
(nimble swimmer 1), tentacles
a: no special abilities


You were on level 3 of the Dungeon.
You visited 1 branch of the dungeon, and saw 3 of its levels.

You collected 102 gold pieces.

Inventory:

Missiles
 d - 2 curare-tipped darts
 g - 5 poisoned darts
Scrolls
 b - 2 scrolls of identify {unknown}
 e - a scroll of amnesia {unknown}
 f - 2 scrolls of teleportation {unknown}
 h - 3 scrolls of vulnerability
 k - a scroll of enchant armour {unknown}
 l - a scroll of magic mapping {unknown}
Potions
 a - 3 potions of lignification
 c - 2 potions of brilliance {unknown}
 i - 2 potions of invisibility
 j - a potion of curing {unknown}


   Skills:
 + Level 2.0 Fighting
 + Level 2.6 Dodging
 + Level 2.3 Stealth
 * Level 4.0 Unarmed Combat
 - Level 2.0 Spellcasting
 + Level 2.5 Transmutations


You had 6 spell levels left.
You knew the following spells:

 Your Spells              Type           Power      Damage    Failure   Level
a - Beastly Appendage     Tmut           18%        N/A       8%          1

Your spell library contained the following spells:

 Spells                   Type           Power      Damage    Failure   Level
 Wereblood                Tmut           9%         N/A       12%         2
 Spider Form              Tmut/Pois      5%         N/A       36%         3
 Ice Form                 Ice/Tmut       5%         N/A       78%         4


Dungeon Overview and Level Annotations

Branches:
Dungeon (3/15)

Altars:
Trog

Shops:
D:2 *


Innate Abilities, Weirdness & Mutations

You cannot wear most types of armour.
You are amphibious.
You can wear up to eight rings at the same time.
Your skin changes colour to match your surroundings (Stealth+).
Your rubbery body absorbs attacks. (AC +1, EV +1)
((You are camouflaged when in or above water. (Stealth+)))
You have tentacles for arms and can constrict up to eight enemies at once.


Message History

The orc is moderately wounded.
You constrict the orc, but do no damage.
The orc barely misses you.
You tentacle-slap the orc but do no damage.
The orc is moderately wounded.
You constrict the orc, but do no damage.
The orc completely misses you.
You barely miss the orc. You grab the orc. You constrict the orc.
You constrict the orc, but do no damage.
You tentacle-slap the orc.
You kill the orc!
You constrict the orc. The orc barely misses you.
You closely miss the orc. Your grab misses the orc.
Your tentacle spike misses the orc.
Your squeeze misses the orc. You constrict the orc. The orc misses you.
You miss something.
Your tentacle spike misses something.
Your squeeze misses something. You constrict the orc.
You kill the orc!
You tentacle-slap the orc. You grab the orc. You squeeze the orc.
You kill the orc!
Your tentacle spike disappears.
Something hits you. The orc hits you with a +0 short sword.
You tentacle-slap the orc. Your grab misses the orc.
Your squeeze misses the orc.
The orc is heavily wounded.
Something hits you. The orc closely misses you.
You barely miss something. The orc completely misses you. Something hits you.
You tentacle-slap the orc.
You kill the orc!
Something hits you.
Your Fighting skill increases to level 2!
You miss something. Something hits you.
You tentacle-slap something but do no damage.
Something completely misses you.
You tentacle-slap something. Something hits you.
You miss something. Your squeeze misses something.
You hear some strange, mumbled words.
A magic dart appears from out of thin air!
The magic dart hits you!
You die...

............### ..
............# ....
..?.........####....
....................
....................
####..!.............
#................
##.......){......
#.......@)......
##.......)......
#..............
#..............
................
................
...........#####
..[........


There were no monsters in sight!

Vanquished Creatures
  2 adders (D:2)
  4 gnolls (D:2)
  A dart slug (D:2)
  4 orcs (D:3)
  5 bats
  3 endoplasms (D:2)
  3 giant cockroaches
  4 goblins (D:1)
  A hobgoblin (D:1)
  4 jackals (D:1)
  3 quokkas (D:1)
  2 ball pythons
  A frilled lizard (D:2)
  4 kobolds (D:1)
  8 rats
49 creatures vanquished.

Notes
Turn   | Place    | Note
-------+----------+-------------------------------------------
     0 | D:1      | valliere the Octopode Transmuter began the quest for the
                  | Orb.
     0 | D:1      | Reached XP level 1. HP: 13/13 MP: 3/3
   394 | D:1      | Reached XP level 2. HP: 18/18 MP: 3/5
   515 | D:1      | Reached skill level 1 in Stealth
   805 | D:1      | Reached XP level 3. HP: 12/23 MP: 4/6
  1462 | D:2      | Found a faded altar of an unknown god.
  1540 | D:2      | Found Omasmurch's General Store.
  1588 | D:2      | Reached XP level 4. HP: 29/29 MP: 5/7
  2073 | D:2      | Reached skill level 4 in Unarmed Combat
  2290 | D:3      | Found a bloodstained altar of Trog.
  2331 | D:3      | Killed from afar by an orc wizard

Illustrated notes

Levels and vault maps discovered:
D:1:      evilmike_arrival_fibonacci_small, layout_basic,
          minmay_misc_feat_rugged
D:2:      layout_basic, shapermc_ecumenical_altar_acropolis, serial_shops, shop,
          corexii_item_surrounded_by_moat, minmay_quadrilaterals
D:3:      layout_basic, trog_three_pillars_becter, cheibrodos_worm_habitat,
          minmay_misc_feat_four_crosses, minmay_curled_crystal,
          uniq_crazy_yiuf_cottage

Skill      XL: |  1  2  3  4 |
---------------+-------------+-----
Stealth        | 1 2 |  2.3
Unarmed Combat | 4 |  4.0
Fighting       | 2 |  2.0
Dodging        | |  2.6
Spellcasting   | |  2.0
Transmutations | |  2.5

Action                   |  1- 3 |  4- 6 || total
-------------------------+-------+-------++-------
Melee: Unarmed           |    71 |    35 ||   106
       Constrict         |    21 |     8 ||    29
       Tentacles         |    10 |     5 ||    15
       Kick              |    17 |     7 ||    24
       Punch             |     1 |       ||     1
 Cast: Beastly Appendage |    22 |     3 ||    25
  Use: Scroll            |       |     1 ||     1
 Stab: Sleeping          |     5 |     2 ||     7
Armor: Skin              |     8 |     1 ||     9
Dodge: Dodged            |    39 |    14 ||    53

Table legend: (Time is in decaauts)
 A = Elapsed time spent in this place.
 B = Non-inter-level travel time spent in this place.
 C = Inter-level travel time spent in this place.
 D = Time resting spent in this place.
 E = Time spent auto-exploring this place.
 F = Levels seen in this place.
 G = Mean time per level.
                   A        B        C        D        E       F      G
               +--------+--------+--------+--------+--------+-----+--------+
         Total |   2323 |   2277 |     46 |    235 |   1706 |   3 |  774.3 |
       Dungeon |   2323 |   2277 |     46 |    235 |   1706 |   3 |  774.3 |
               +--------+--------+--------+--------+--------+-----+--------+

Top non-repeatable levels by time:
     D:1: 1211 daAuts
     D:2: 1060 daAuts
     D:3: 51 daAuts
